 Dungeon Crawl Stone Soup version 0.28-a0-1555-g9ae15a6949 (webtiles) character file.

Game seed: 4318193845186385306

25 psuckher the Sneak (level 3, -5/30 HPs)
             Began as a Barachi Delver on Jan 18, 2022.
             Slain by an ogre (18 damage)
             ... on level 5 of the Dungeon.
             The game lasted 00:01:03 (306 turns).

psuckher the Sneak (Barachi Delver)                  Turns: 306, Time: 00:01:04

Health: -5/30      AC:  3    Str: 15    XL:     3   Next: 4%
Magic:  3/3        EV: 12    Int: 10    God:
Gold:   18         SH:  0    Dex: 13    Spells: 2/2 levels left

rFire   . . .      SeeInvis .   a - +0 short sword
rCold   . . .      Faith    .   (no shield)
rNeg    . . .      Spirit   .   b - +0 leather armour
rPois   .          Reflect  .   (no helmet)
rElec   .          Harm     .   (no cloak)
rCorr   .          Rampage  .   (no gloves)
Will    .....                   (no boots)
Stlth   +++.......              (no amulet)
HPRegen 0.10/turn               (no ring)
MPRegen 0.08/turn               (no ring)

@: slow
A: amphibious, slowness 1, strong legs 1, +LOS
a: Hop


You were on level 5 of the Dungeon.
You visited 1 branch of the dungeon, and saw 1 of its levels.

You collected 18 gold pieces.

Inventory:

Hand Weapons
 a - a +0 short sword (weapon)
Armour
 b - a +0 leather armour (worn)
Wands
 g - a wand of digging (3)
Scrolls
 c - a scroll of fog
 d - a scroll of magic mapping
 e - a scroll of fear
Potions
 f - a potion of haste


   Skills:
 + Level 3.8 Fighting
 + Level 2.3 Short Blades
 + Level 0.1 Armour
 + Level 2.2 Dodging
 + Level 5.1 Stealth


You had 2 spell levels left.
You didn't know any spells.
Your spell library was empty.

Dungeon Overview and Level Annotations

Branches:
Dungeon (5/15)
 Temple: D:4-7

Altars:


Innate Abilities, Weirdness & Mutations

You are amphibious.
You cover ground slowly.
You can hop short distances.
You have an extended range of vision and can be seen from far away.


Message History

You hit the iguana.
The iguana is moderately wounded.
The iguana bites you!
Ouch! That really hurt!
You hit the iguana.
The iguana is severely wounded.
The iguana barely misses you.
You hit the iguana.
The iguana is severely wounded.
The iguana barely misses you.
You hit the iguana.
The iguana is almost dead.
The iguana bites you!
* * * LOW HITPOINT WARNING * * *
You hit the iguana.
You kill the iguana!
Your Stealth skill increases to level 5!
You have reached level 2!
You have reached level 3!
Your experience leads to an increase in your attributes!
Increase (S)trength, (I)ntelligence, or (D)exterity?
You feel stronger. x2
HP restored.
Found a twisted jade ring.
An ogre comes into view. It is wielding a +0 giant club.
The ogre shouts!
You hit the ogre.
The ogre is lightly wounded.
The ogre hits you with a +0 giant club!!
Ouch! That really hurt!
You barely miss the ogre.
The ogre is lightly wounded.
You hit the ogre.
The ogre is lightly wounded.
The ogre barely misses you.
You hit the ogre.
The ogre is moderately wounded.
The ogre hits you with a +0 giant club!!
Ouch! That really hurt!
You die...

#..# #. ..# #. . #.# #. ..
#.## ####### #.
...########..#### #.....###.
.....O..........###.........
.........................##.
.....=....#.....###(.....##.
...#####O##@....# #......##.
#.##O...## ######.##.
#.##....# #.###.##.
#......## ##.##.... ###....#
##.####. #....# ##.....
#....... ##.##### #....##..
##.## #.#### ..#>##


You could see an ogre.

Vanquished Creatures
  An iguana (D:5)
1 creature vanquished.

Notes
Turn   | Place    | Note
-------+----------+-------------------------------------------
     0 | D:5      | psuckher the Barachi Delver began the quest for the Orb.
     0 | D:5      | Reached XP level 1. HP: 18/18 MP: 1/1
    38 | D:5      | Noticed an iguana
    49 | D:5      | Killed an iguana
    50 | D:5      | Reached skill level 5 in Stealth
    50 | D:5      | Reached XP level 2. HP: 2/25 MP: 2/2
    50 | D:5      | Reached XP level 3. HP: 2/30 MP: 3/3
   290 | D:5      | Noticed an ogre
   306 | D:5      | Slain by an ogre

Illustrated notes

Levels and vault maps discovered:
D:5:      layout_loops_cross, mainiacjoe_overflow_alcove_2, serial_undead,
          serial_undead_e, serial_undead_d, serial_undead_e, serial_undead_d,
          serial_shops, shop_statue

Skill      XL: |  1 |
---------------+----+-----
Stealth        | 5 |  5.1
Fighting       | |  3.8
Short Blades   | |  2.3
Armour         | |  0.1
Dodging        | |  2.2

Action                   || total
-------------------------++-------
Melee: Short sword       ||    10
Dodge: Dodged            ||     5

Table legend: (Time is in decaauts)
 A = Elapsed time spent in this place.
 B = Non-inter-level travel time spent in this place.
 C = Inter-level travel time spent in this place.
 D = Time resting spent in this place.
 E = Time spent auto-exploring this place.
 F = Levels seen in this place.
 G = Mean time per level.
                   A        B        C        D        E       F      G
               +--------+--------+--------+--------+--------+-----+--------+
         Total |    365 |    307 |     58 |      0 |      0 |   1 |  365.0 |
       Dungeon |    365 |    307 |     58 |      0 |      0 |   1 |  365.0 |
               +--------+--------+--------+--------+--------+-----+--------+

Top non-repeatable levels by time:
     D:5: 365 daAuts
